 Dungeon Crawl Stone Soup version 0.25-a0-583-g696c2ac64d (webtiles) character file.

Game seed: 8235859100531644672, levelgen mode: deterministic

9 Amnesiac the Skirmisher (level 2, -1/32 HPs)
             Began as an Ogre Fighter on Mar 8, 2020.
             Slain by a gnoll
             ... wielding a +0 flail
              (7 damage)
             ... on level 1 of the Dungeon.
             The game lasted 00:01:24 (417 turns).

Amnesiac the Skirmisher (Ogre Fighter)               Turns: 417, Time: 00:01:25

Health: -1/32      AC:  3    Str: 19    XL:     2   Next: 16%
Magic:  2/2        EV:  8    Int:  9    God:
Gold:   9          SH:  8    Dex:  8    Spells: 1/1 levels left

rFire    . . .     SeeInvis .   a - +0 long sword
rCold    . . .     Gourm    .   c - +0 kite shield
rNeg     . . .     Faith    .   b - +0 robe
rPois    .         Spirit   .   (helmet restricted)
rElec    .         Reflect  .   (no cloak)
rCorr    .         Harm     .   (gloves unavailable)
MR       .....                  (boots unavailable)
Stlth    +.........             (no amulet)
HPRegen  0.10/turn              (no ring)
MPRegen  0.08/turn              (no ring)

@: no status effects
A: large, unfitting armour, tough skin 1
a: no special abilities


You were on level 1 of the Dungeon.
You were not hungry.

You visited 1 branch of the dungeon, and saw 1 of its levels.

You collected 9 gold pieces.

Inventory:

Hand Weapons
 a - a +0 long sword (weapon)
Missiles
 e - 10 stones (quivered)
Armour
 b - a +0 robe (worn)
 c - a +0 kite shield (worn)
Jewellery
 g - a +5 ring of dexterity {unknown}
Potions
 d - a potion of might {!q}
Comestibles
 f - a ration
 h - 7 chunks of flesh


   Skills:
 + Level 4.1 Fighting
 + Level 1.9 Long Blades
 * Level 1.0 Throwing
 - Level 2.6 Dodging
 + Level 2.8 Shields


You had one spell level left.
You didn't know any spells.
Your spell library was empty.

Dungeon Overview and Level Annotations

Branches:
Dungeon (1/15)

Altars:


Innate Abilities, Weirdness & Mutations

You are too large for most types of armour.
You have tough skin. (AC +1)


Message History

You kill the bat!
Your Throwing skill increases to level 1!
You butcher the rat corpse.
h - 4 chunks of flesh (gained 1)
You see here a rat skeleton. x2
You butcher the bat corpse.
h - 5 chunks of flesh (gained 1)
You butcher the leopard gecko corpse.
h - 7 chunks of flesh (gained 2)
Things that are here:
a bat skeleton; a leopard gecko skeleton
Things that are here:
a bat skeleton; a leopard gecko skeleton
e - 14 stones (gained 1)
e - 15 stones (gained 1)
A gnoll comes into view. It is wielding a +0 flail.
The gnoll shouts!
Throwing (i - inventory)
e - 15 stones (quivered)
Press: ? - help, Shift-Dir - straight line, f - gnoll
Aim: a gnoll, wielding a +0 flail You throw a stone.
The stone closely misses the gnoll.
A gnoll is nearby!
Throwing (i - inventory)
e - 14 stones (quivered)
Press: ? - help, Shift-Dir - straight line, f/p - gnoll
Aim: a gnoll, wielding a +0 flail You throw a stone.
The stone barely misses the gnoll.
Quiver which item? (- for none, * to show all) (? for menu, Esc to quit)
Okay, then.
Things that are here:
a bat skeleton; a leopard gecko skeleton You don't know any spells.
You don't know any spells.
Throwing (i - inventory)
e - 13 stones (quivered)
Press: ? - help, Shift-Dir - straight line, f/p - gnoll
Aim: a gnoll, wielding a +0 flail You throw a stone.
The stone hits the gnoll.
The gnoll is lightly wounded.
Throwing (i - inventory)
e - 12 stones (quivered)
Press: ? - help, Shift-Dir - straight line, f/p - gnoll
Aim: a gnoll, wielding a +0 flail (lightly wounded)
You throw a stone.
The stone hits the gnoll but does no damage.
The gnoll is lightly wounded.
Throwing (i - inventory)
e - 11 stones (quivered)
Press: ? - help, Shift-Dir - straight line, f/p - gnoll
Aim: a gnoll, wielding a +0 flail (lightly wounded)
You throw a stone. The stone hits the gnoll.
The gnoll is moderately wounded.
The gnoll hits you but does no damage.
You hit the gnoll but do no damage.
The gnoll is moderately wounded.
The gnoll hits you with a +0 flail!
* * * LOW HITPOINT WARNING * * *
You are too injured to fight recklessly!
You are too injured to fight recklessly!
You are too injured to fight recklessly!
You hit the gnoll.
The gnoll is severely wounded.
The gnoll hits you with a +0 flail.
* * * LOW HITPOINT WARNING * * *
You closely miss the gnoll.
The gnoll is severely wounded.
The gnoll hits you with a +0 flail!
You die...

....... ##.....##.###.#
#.##### .......
#.....##.###.# #.# .......
#.....##.....## #.# .......
#.....##......# #.# ..!...(
#.....##......## #.# g......
#.....##.......# #.# +######
#.....##.....#.###.#
.#########.....##.....#..##.#
............((.g@.....##.##.#
########################.##.#
# #####.......### #.##.#
####.............### #.##.#
##.................## #.##.#
#.........####......## #.##.#
........########.....###.##.#
......####....###.....##.##.#
.....###........##....##.##.#


You could see a gnoll.

Vanquished Creatures
  A leopard gecko (D:1)
  A bat (D:1)
  A giant cockroach (D:1)
  A hobgoblin (D:1)
  3 kobolds (D:1)
  2 rats (D:1)
9 creatures vanquished.

Notes
Turn   | Place    | Note
-------+----------+-------------------------------------------
     0 | D:1      | Amnesiac the Ogre Fighter began the quest for the Orb.
     0 | D:1      | Reached XP level 1. HP: 24/24 MP: 1/1
   372 | D:1      | Reached XP level 2. HP: 19/32 MP: 2/2
   376 | D:1      | Reached skill level 1 in Throwing
   417 | D:1      | Slain by a gnoll

Levels and vault maps discovered:
D:1:      dpeg_arrival_snail, layout_basic

Skill      XL: |  1  2 |
---------------+-------+-----
Throwing       | 1 |  1.0
Fighting       | |  4.1
Long Blades    | |  1.9
Dodging        | |  2.6
Shields        | |  2.8

Action                   || total
-------------------------++-------
Melee: Long sword        ||    22
Throw: Stone             ||    29
Armor: Robe              ||     6
Dodge: Dodged            ||    14
Block: Kite shield       ||     6
       Rpst.: Long sword ||     6

Table legend:
 A = Non-vault XP
 B = Vault XP
 C = Vault XP percentage of total XP
 D = Non-vault monster count
 E = Vault monster count
 F = Vault count percentage of total count
                 A         B        C        D         E       F
            +---------+---------+-------+---------+---------+-------
      Total |      14 |       0 |   0.0 |       9 |       0 |   0.0
            +---------+---------+-------+---------+---------+-------
        D:1 |      14 |       0 |   0.0 |       9 |       0 |   0.0
            +---------+---------+-------+---------+---------+-------
